 Dungeon Crawl Stone Soup version 0.23-a0-484-g29ba69c (webtiles) character file.

8452 Firecrotchwizard the Slicer (level 11, -8/60 HPs)
             Began as a Vine Stalker Assassin on Nov 30, 2018.
             Was a Follower of Uskayaw.
             Mangled by a gargoyle
             ... wielding a +0 morningstar of flaming
              (10 damage)
             ... on level 10 of the Dungeon on Dec 1, 2018.
             The game lasted 00:38:16 (10186 turns).

Firecrotchwizard the Slicer (VSAs)                 Turns: 10186, Time: 00:38:17

Health: -8/60      AC: 10    Str: 16    XL:     11   Next: 31%
Magic:  0/26       EV: 10    Int: 11    God:    Uskayaw [*.....]
Gold:   497        SH:  0    Dex: 17    Spells: 10/10 levels left

rFire    . . .     SeeInvis .   B - +1 dagger (drain)
rCold    . . .     Gourm    .   (no shield)
rNeg     . . .     Faith    .   t - +0 ring mail
rPois    .         Spirit   +   (no helmet)
rElec    .         Reflect  .   d - +0 cloak
rCorr    .         Harm     .   w - +2 pair of gloves
MR       +....                  i - +0 pair of boots
Stlth    ++++......             D - amulet of magic regeneration
HPRegen  0.60/turn              N - +2 ring of slaying
MPRegen  0.45/turn              M - ring of magical power {MP+9}

@: no status effects
A: fangs 3, regeneration 1, magic shield, antimagic bite, no potion heal 3, rot
immunity
a: Stomp, Renounce Religion


You were on level 10 of the Dungeon.
You worshipped Uskayaw.
Uskayaw was noncommittal.
You were not hungry.

You visited 2 branches of the dungeon, and saw 11 of its levels.
You also visited: Ossuary.

You collected 497 gold pieces.

Inventory:

Hand Weapons
 a - a +3 dagger
 b - a +0 blowgun
 B - a +1 dagger of draining (weapon)
   (You found it on level 5 of the Dungeon)
Missiles
 e - 35 poisoned needles
 f - 2 curare-tipped needles
 v - 4 throwing nets {=f, !d}
Armour
 c - a +0 robe
 d - a +0 cloak (worn)
 i - a +0 pair of boots (worn)
   (You found it on level 1 of the Dungeon)
 t - a +0 ring mail (worn)
   (You found it on level 2 of the Dungeon)
 w - a +2 pair of gloves (worn)
   (You found it on level 3 of the Dungeon)
Jewellery
 z - an uncursed ring of protection from cold {rC+, !d}
   (You found it on level 3 of the Dungeon)
 D - an amulet of magic regeneration (around neck)
   (You found it on level 4 of the Dungeon)
 M - a ring of magical power (right hand) {MP+9}
   (You found it on level 7 of the Dungeon)
 N - a +2 ring of slaying (left hand)
   (You found it on level 7 of the Dungeon)
 P - an uncursed ring of protection from magic {MR+, !d}
   (You found it on level 8 of the Dungeon)
 Q - an uncursed ring of wizardry {Wiz+, !d}
   (You found it on level 9 of the Dungeon)
Wands
 A - a wand of iceblast (18)
   (You took it off Ijyb on level 3 of the Dungeon)
 I - a wand of clouds (6)
   (You found it on level 4 of the Dungeon)
 K - a wand of random effects (16)
   (You found it on level 7 of the Dungeon)
Scrolls
 h - 3 scrolls of remove curse
 j - 7 scrolls of identify
 k - 3 scrolls of magic mapping {!r}
 p - 2 scrolls of noise {!r}
 q - 3 scrolls of random uselessness
 r - 3 scrolls of enchant weapon
 x - 4 scrolls of teleportation
 y - 5 scrolls of fog
 J - 3 scrolls of amnesia
Potions
 l - 2 potions of mutation {!q}
 m - 3 potions of lignification {!q}
 n - 3 potions of heal wounds
 o - a potion of flight {unknown}
 s - 10 potions of curing
 u - a potion of ambrosia
 F - a potion of brilliance {unknown}
 G - a potion of might {unknown}
 H - a potion of resistance {unknown}
 L - 5 potions of haste {unknown}
Comestibles
 g - 27 rations
 C - 10 chunks of flesh {@w0}


   Skills:
 + Level 8.4 Fighting
 - Level 10.1 Short Blades
 - Level 1.7 Throwing
 - Level 0.7 Dodging
 + Level 9.8 Stealth
 + Level 7.7 Invocations


You had 10 spell levels left.
You didn't know any spells.
Your spell library contained the following spells:

 Spells                   Type           Power        Failure   Level  Hunger
 Animate Skeleton         Necr           N/A          56%         1    ##.....
 Apportation              Tloc           #.....       56%         1    ##.....
 Confusing Touch          Hex            #.....       56%         1    ##.....
 Summon Small Mammal      Summ           #...         56%         1    ##.....
 Confuse                  Hex            #.......     90%         3    ####...
 Gell's Gravitas          Tloc           #.........   90%         3    ####...
 Petrify                  Tmut/Erth      #.......     100%        4    #####..
 Metabolic Englaciation   Hex/Ice        #.........   100%        5    ######.
 Yara's Violent Unravell  Hex/Tmut       #.........   100%        5    ######.
 Poison Arrow             Conj/Pois      #.........   100%        6    #######
 Chain Lightning          Conj/Air       #.........   100%        8    #######
 Lehudib's Crystal Spear  Conj/Erth      #.........   100%        8    #######
 Fire Storm               Conj/Fire      #.........   100%        9    #######
 Glaciate                 Conj/Ice       #.........   100%        9    #######


Dungeon Overview and Level Annotations

Branches:
Dungeon (10/15)            Temple (1/1) D:4            Lair (0/6) D:9
    Orc (0/2) D:9

Altars:
Ashenzari
Cheibriados
Dithmenos
Elyvilon
Fedhas
Gozag
Hepliaklqana
Kikubaaqudgha
Makhleb
Nemelex Xobeh
Okawaru
Qazlal
Ru
Sif Muna
Trog
Uskayaw
Vehumet
Wu Jian
Xom
Yredelemnul
Zin
The Shining One
Beogh

Shops:
D:7 !

Annotations:
D:5 1 runed door
D:8 4 runed doors


Innate Abilities, Weirdness & Mutations

You have razor-sharp teeth.
Your natural rate of healing is unusually fast.
When hurt, damage is shared between your health and your magic reserves.
Your bite disrupts and absorbs the magic of your enemies.
Potions cannot restore your health.
You are immune to rotting.


Message History

There is an open door here.
There is an open door here.
There is an open door here.
There is an open door here.
The centaur skeleton is too close now for your liking.
The centaur skeleton hits you. The centaur skeleton barely misses you.
You take 2 damage, and have 58/60 hp.
You now have 25/26 mp.
You puncture the centaur skeleton! You bite the centaur skeleton!
You drain its power.
You feel invigorated.
MP restored: 26 You hit the centaur skeleton.
You bite the centaur skeleton. You drain its power.
The centaur skeleton barely misses you.
You hit the centaur skeleton.
You destroy the centaur skeleton!
No target in view!
s - 10 potions of curing (gained 1)
A gargoyle comes into view.
It is wielding a +0 morningstar of flaming.
Health restored: 60 The gargoyle hurls a stone arrow at you.
The stone arrow hits you!
There is an open door, spattered with blood here.
You take 21 damage, and have 39/60 hp.
MASSIVE DAMAGE!!
You now have 18/26 mp.
You hit the gargoyle but do no damage.
The gargoyle hits you with a +0 morningstar of flaming.
The gargoyle burns you.
You take 5 damage, and have 35/60 hp.
You now have 16/26 mp.
You hit the gargoyle but do no damage.
You bite the gargoyle, but do no damage.
You hit the gargoyle but do no damage. You bite the gargoyle!
You drain its power.
You feel invigorated.
You regained 7 mp, and now have 23/26 mp.
You hit the gargoyle but do no damage.
The gargoyle hits you with a +0 morningstar of flaming!
The gargoyle burns you.
You take 8 damage, and have 28/60 hp.
You now have 17/26 mp.
You barely miss the gargoyle. You hit the gargoyle but do no damage.
Your bite misses the gargoyle.
The gargoyle hits you with a +0 morningstar of flaming!
The gargoyle burns you.
* * * LOW HITPOINT WARNING * * *
You take 11 damage, and have 18/60 hp.
You now have 11/26 mp.
You hit the gargoyle but do no damage.
You bite the gargoyle, but do no damage.
Okay, then.
You are confused.
Your system rejects the healing.
You feel invigorated. The gargoyle barely misses you.
You regained 6 mp, and now have 17/26 mp.
Unknown command.
Unknown command.
You hit the gargoyle but do no damage.
You bite the gargoyle, but do no damage.
You regained 2 mp, and now have 19/26 mp.
You regained 4 mp, and now have 23/26 mp.
You feel less invigorated.
You feel less confused.
The gargoyle hits you but does no damage.
MP restored: 26 You hit the gargoyle.
You bite the gargoyle, but do no damage.
The gargoyle hits you with a +0 morningstar of flaming!
* * * LOW HITPOINT WARNING * * *
The gargoyle burns you.
You take 2 damage, and have 18/60 hp.
You now have 21/26 mp.
You hit the gargoyle but do no damage. Your bite misses the gargoyle.
You hit the gargoyle but do no damage. You bite the gargoyle.
You drain its power.
You feel invigorated.
You barely miss the gargoyle. Your bite misses the gargoyle.
The gargoyle barely misses you.
You barely miss the gargoyle. You bite the gargoyle. You drain its power.
You feel invigorated.
MP restored: 26 You hit the gargoyle but do no damage.
The gargoyle hurls a stone arrow at you.
The stone arrow hits you!
* * * LOW HITPOINT WARNING * * *
You take 6 damage, and have 13/60 hp.
You now have 18/26 mp.
You hit the gargoyle but do no damage. You completely miss the gargoyle.
Your bite misses the gargoyle. The gargoyle closely misses you.
You hit the gargoyle but do no damage. You hit the gargoyle but do no damage.
The gargoyle hurls a stone arrow at you.
The stone arrow hits you!
* * * LOW HITPOINT WARNING * * *
You take 7 damage, and have 7/60 hp.
You now have 10/26 mp.
You hit the gargoyle.
You bite the gargoyle, but do no damage.
You barely miss the gargoyle.
You bite the gargoyle, but do no damage.
The gargoyle hurls a stone arrow at you.
The stone arrow hits you!
* * * LOW HITPOINT WARNING * * *
You take 7 damage, and have 1/60 hp.
You now have 1/26 mp.
You hit the gargoyle but do no damage. You hit the gargoyle but do no damage.
Your bite misses the gargoyle.
The gargoyle hits you with a +0 morningstar of flaming!
You die...

### ##################
#.......#...#..#..............
#.......#..!#..#..............
+...... #...'@.'..............
#..... #...#9.#..............
####.#..########.###############.
..#..#........#... #.
..#..#........#.... #.
..'..'........#..... #.
..#..#........#.....# #.
###.##.#..##+#########+###+######
.#..#..#.........................


You could see a gargoyle.

Vanquished Creatures
  Harold (D:8)
  A queen bee (D:8)
  Grinder (D:6)
  A hornet (D:10)
  A hippogriff (D:7)
  A wraith (D:7)
  5 yaks (D:9)
  2 hungry ghosts
  Edmund (D:5)
  5 orc warriors
  3 ice beasts
  3 porcupines (D:9)
  2 sky beasts
  A phantom (D:7)
  4 black bears
  An ogre (D:8)
  2 centaurs
  Blork the orc (D:5)
  4 big kobolds
  An elf zombie (Ossuary)
  9 bullfrogs
  3 scorpions
  15 killer bees
  3 electric eels (D:7)
  A howler monkey (D:9)
  A crimson imp (D:10)
  A quasit (D:9)
  3 centaur zombies
  2 human zombies (Ossuary)
  4 jellies
  9 orc wizards
  4 centaur skeletons
  7 orc priests
  9 hounds
  7 worker ants
  Ijyb (D:3)
  2 iguanas
  A big kobold zombie (Ossuary)
  3 hound zombies
  A hound skeleton (D:7)
  3 mummies (Ossuary)
  A howler monkey zombie (D:5)
  13 adders
  3 gnolls (D:3)
  7 shadow imps
  2 oozes
  3 adder zombies
  2 adder skeletons
  A dart slug (D:4)
  5 worms
  6 leopard geckos
  30 orcs
  4 giant cockroaches
  A gnoll zombie (Ossuary)
  13 goblins
  5 hobgoblins
  6 jackals
  5 quokkas
  3 ball pythons (D:2)
  7 bats
  2 frilled lizards (D:2)
  A giant cockroach zombie (D:3)
  A goblin zombie (Ossuary)
  3 jackal zombies (Ossuary)
  19 kobolds
  10 kobold zombies (Ossuary)
  An orc zombie (Ossuary)
  3 quokka skeletons
  3 quokka zombies (Ossuary)
  7 rats
  5 rat zombies (Ossuary)
  3 plants (D:7)
305 creatures vanquished.

Vanquished Creatures (others)
  9 fungi (D:9)
  9 plants
18 creatures vanquished.

Grand Total: 323 creatures vanquished

Notes
Turn   | Place    | Note
-------+----------+-------------------------------------------
     0 | D:1      | Firecrotchwizard the Vine Stalker Assassin began the quest
                  | for the Orb.
     0 | D:1      | Reached XP level 1. HP: 11/11 MP: 2/2
    56 | D:1      | Reached skill level 2 in Short Blades
    77 | D:1      | Reached skill level 5 in Stealth
    77 | D:1      | Reached XP level 2. HP: 4/15 MP: 1/3
   428 | D:1      | Reached skill level 2 in Fighting
  1000 | D:2      | Found a sacrificial altar of Ru.
  1052 | D:2      | Reached XP level 3. HP: 18/18 MP: 4/4
  1353 | D:2      | Reached skill level 3 in Short Blades
  1353 | D:2      | Gained mutation: Your natural rate of healing is unusually
                  | fast. [Vine Stalker growth]
  1353 | D:2      | Reached XP level 4. HP: 22/23 MP: 5/5
  2133 | D:3      | Found a shattered altar of Ashenzari.
  2223 | D:3      | Reached XP level 5. HP: 21/27 MP: 4/6
  2517 | D:3      | Noticed Ijyb
  2569 | D:3      | Reached skill level 3 in Fighting
  2569 | D:3      | Reached skill level 6 in Stealth
  2579 | D:3      | Reached skill level 4 in Short Blades
  2742 | D:3      | Reached XP level 6. HP: 32/32 MP: 5/7
  2801 | D:3      | Killed Ijyb
  3358 | D:4      | Found a staircase to the Ecumenical Temple.
  3372 | Temple   | Entered the Ecumenical Temple
  3564 | Temple   | Became a worshipper of Uskayaw the Reveler
  3592 | D:4      | Reached * piety under Uskayaw
  3757 | D:4      | Found a sand-covered staircase.
  3762 | Ossuary  | Entered an ossuary
  3785 | Ossuary  | Reached ** piety under Uskayaw
  3798 | Ossuary  | Reached *** piety under Uskayaw
  3819 | Ossuary  | Reached XP level 7. HP: 36/36 MP: 8/8
  3831 | Ossuary  | Reached **** piety under Uskayaw
  3928 | Ossuary  | Reached skill level 5 in Short Blades
  4048 | Ossuary  | Reached skill level 7 in Stealth
  4104 | Ossuary  | Reached skill level 4 in Fighting
  4495 | D:5      | Entered Level 5 of the Dungeon
  4495 | D:5      | Found a deep blue altar of Sif Muna.
  4495 | D:5      | Found an ornate altar of the Wu Jian Council.
  4582 | D:5      | Gained mutation: You have razor-sharp teeth. [Vine Stalker
                  | growth]
  4582 | D:5      | Reached XP level 8. HP: 39/42 MP: 9/9
  4704 | D:5      | Reached skill level 6 in Short Blades
  4774 | D:5      | Noticed Blork the orc
  4944 | D:5      | Killed Blork the orc
  4944 | D:5      | Reached skill level 1 in Invocations
  5292 | D:5      | Noticed Edmund
  5308 | D:5      | Killed Edmund
  5419 | D:5      | Reached skill level 2 in Invocations
  5471 | D:5      | Found a runed door.
  5638 | D:6      | Reached skill level 5 in Fighting
  5660 | D:6      | Reached skill level 7 in Short Blades
  5682 | D:6      | Found a snail-covered altar of Cheibriados.
  5741 | D:6      | Found a shadowy altar of Dithmenos.
  5787 | D:6      | Reached skill level 3 in Invocations
  5842 | D:6      | Found a basalt altar of Yredelemnul.
  5925 | D:6      | Reached XP level 9. HP: 47/47 MP: 12/12
  6007 | D:6      | Noticed Grinder
  6038 | D:6      | Killed Grinder
  6043 | D:6      | Found an opulent altar of Gozag.
  6223 | D:7      | Reached skill level 8 in Short Blades
  6353 | D:7      | Reached skill level 4 in Invocations
  6531 | D:7      | Reached skill level 6 in Fighting
  7464 | D:7      | Reached skill level 9 in Short Blades
  7523 | D:7      | Reached skill level 5 in Invocations
  7566 | D:7      | Found Soungu's Distillery.
  7571 | D:7      | Reached XP level 10. HP: 53/53 MP: 14/14
  8171 | D:8      | Reached skill level 7 in Fighting
  8191 | D:8      | Found a huge runed gate.
  8191 | D:8      | Found a huge runed gate.
  8191 | D:8      | Found a huge runed gate.
  8191 | D:8      | Found a huge runed gate.
  8261 | D:8      | Noticed Harold
  8266 | D:8      | Killed Harold
  8266 | D:8      | Reached skill level 10 in Short Blades
  8266 | D:8      | Reached skill level 6 in Invocations
  8574 | D:9      | Reached skill level 8 in Stealth
  8624 | D:9      | Reached ***** piety under Uskayaw
  8679 | D:9      | Reached ****** piety under Uskayaw
  8683 | D:9      | Reached XP level 11. HP: 37/60 MP: 17/17
  8711 | D:9      | Reached skill level 9 in Stealth
  8711 | D:9      | Reached skill level 7 in Invocations
  8794 | D:9      | Found a staircase to the Orcish Mines.
  8812 | D:9      | Reached skill level 8 in Fighting
  8978 | D:9      | Found a staircase to the Lair.
  9342 | D:9      | Found a roughly hewn altar of Beogh.
  9551 | D:10     | Entered Level 10 of the Dungeon
 10178 | D:10     | HP: 13/60 [gargoyle/stone arrow (6)]
 10184 | D:10     | HP: 1/60 [gargoyle/stone arrow (7)]
 10186 | D:10     | Mangled by a gargoyle

Vault maps used:
D:1:      dpeg_arrival_houses_and_road
D:2:      nicolae_ru_great_annihilating_truth
D:3:      serial_undead, serial_undead_c, serial_undead_f, serial_undead_e,
          serial_undead_a, cheibrodos_ashenzari_chains, uniq_ijyb
D:4:      minmay_temple_entry_mini_moons, nicolae_ossuary_entry_false_entrances,
          first_ration
D:5:      chequers_temple_overflow_statue_of_worship, serial_rivers,
          chequers_serial_rivers_room_a, chequers_serial_rivers_small_3,
          chequers_serial_rivers_marsh, chequers_serial_rivers_micro_b,
          minmay_misc_feat_plants, uniq_edmund, uniq_blork_the_orc,
          uniq_crazy_yiuf_cottage
D:6:      lemuel_doored_altar, nicolae_gozag_cash_rules_everything_around_me,
          nicolae_overflow_crystal_walls, yredelemnul_altar_generic,
          uniq_grinder
D:7:      serial_shops, shop_statue, serial_bayou_lagoon_a
D:8:      lemuel_bear_cage, david_nohive_1, solitary_fountain, minivault_27,
          minmay_misc_feat_pillars, uniq_harold
D:9:      due_lair_maze_entry_diamond, minmay_orc_entry_temple_small
D:10:     serial_park_tiny_2
Temple:   eino_temple_scatter_basement
Ossuary:  minmay_ossuary_two_tombs

Skill      XL: |  1  2  3  4  5  6  7  8  9 10 11 |
---------------+----------------------------------+-----
Short Blades   | 2 3 4 5 7 9 10 | 10.1
Stealth        | 5 6 7 8 9 |  9.8
Fighting       | 2 3 4 5 6 7 8 |  8.4
Invocations    | 3 5 6 7 |  7.7
Throwing       | |  1.7
Dodging        | |  0.7

Action                   |  1- 3 |  4- 6 |  7- 9 | 10-12 || total
-------------------------+-------+-------+-------+-------++-------
Melee: Dagger            |    89 |   275 |   577 |   425 ||  1366
       Bite              |    13 |    91 |   189 |   128 ||   421
 Fire: Blowgun           |     7 |    20 |     1 |       ||    28
Invok: Stomp             |       |     1 |     8 |     6 ||    15
       Line Pass         |       |       |     3 |     2 ||     5
Evoke: Wand              |       |       |     4 |       ||     4
  Use: Scroll            |       |       |    17 |     2 ||    19
       Potion            |       |       |       |     1 ||     1
 Stab: Sleeping          |     7 |    10 |    17 |     9 ||    43
       Paralysed         |     1 |     1 |    12 |    22 ||    36
       Distracted        |       |     1 |     1 |     2 ||     4
       Confused          |       |       |       |     3 ||     3
  Eat: Chunk             |     1 |     7 |    11 |    10 ||    29
       Ration            |       |     1 |     1 |       ||     2
Armor: Robe              |    22 |    46 |       |       ||    68
       Leather armour    |       |    19 |    88 |       ||   107
       Ring mail         |       |       |    48 |   138 ||   186
Dodge: Dodged            |    50 |   120 |   203 |   169 ||   542

Table legend:
 A = Non-vault XP
 B = Vault XP
 C = Vault XP percentage of total XP
 D = Non-vault monster count
 E = Vault monster count
 F = Vault count percentage of total count
                 A         B        C        D         E       F
            +---------+---------+-------+---------+---------+-------
      Total |    7488 |    4587 |  38.0 |     216 |      86 |  28.5
            +---------+---------+-------+---------+---------+-------
        D:1 |      25 |       0 |   0.0 |      16 |       0 |   0.0
        D:2 |      88 |      47 |  34.8 |      25 |       4 |  13.8
        D:3 |     119 |     136 |  53.3 |      24 |       8 |  25.0
        D:4 |     202 |       0 |   0.0 |      15 |       0 |   0.0
        D:5 |     543 |     263 |  32.6 |      14 |       2 |  12.5
        D:6 |     553 |     300 |  35.2 |      14 |       1 |   6.7
        D:7 |    2036 |     233 |  10.3 |      36 |       4 |  10.0
        D:8 |     604 |    1979 |  76.6 |      19 |      13 |  40.6
        D:9 |    1972 |    1213 |  38.1 |      31 |      18 |  36.7
       D:10 |    1346 |       0 |   0.0 |      22 |       0 |   0.0
    Ossuary |       0 |     416 | 100.0 |       0 |      36 | 100.0
            +---------+---------+-------+---------+---------+-------

Vault maps used:
D:1:      dpeg_arrival_houses_and_road
D:2:      nicolae_ru_great_annihilating_truth
D:3:      serial_undead, serial_undead_c, serial_undead_f, serial_undead_e,
          serial_undead_a, cheibrodos_ashenzari_chains, uniq_ijyb
D:4:      minmay_temple_entry_mini_moons, nicolae_ossuary_entry_false_entrances,
          first_ration
D:5:      chequers_temple_overflow_statue_of_worship, serial_rivers,
          chequers_serial_rivers_room_a, chequers_serial_rivers_small_3,
          chequers_serial_rivers_marsh, chequers_serial_rivers_micro_b,
          minmay_misc_feat_plants, uniq_edmund, uniq_blork_the_orc,
          uniq_crazy_yiuf_cottage
D:6:      lemuel_doored_altar, nicolae_gozag_cash_rules_everything_around_me,
          nicolae_overflow_crystal_walls, yredelemnul_altar_generic,
          uniq_grinder
D:7:      serial_shops, shop_statue, serial_bayou_lagoon_a
D:8:      lemuel_bear_cage, david_nohive_1, solitary_fountain, minivault_27,
          minmay_misc_feat_pillars, uniq_harold
D:9:      due_lair_maze_entry_diamond, minmay_orc_entry_temple_small
D:10:     serial_park_tiny_2
Temple:   eino_temple_scatter_basement
Ossuary:  minmay_ossuary_two_tombs

Table legend:
 A = Turns spent in this place as a percentage of turns spent in the entire game.
 B = Non-inter-level travel turns spent in this place as a percentage of non-inter-level travel turns spent in the entire game.
 C = Inter-level travel turns spent in this place as a percentage of turns spent in this place.
 D = Turns resting spent in this place as a percentage of non-inter-level travel turns spent in this place.
 E = Turns spent auto-exploring this place as a percentage of non-inter-level travel turns spent in this place.
 F = Non-inter-level travel turns spent in this place divided by the number of levels of this place that you've seen.
                   A       B       C       D       E      F
               +-------+-------+-------+-------+-------+----------------------
         Total | 100.0 | 100.0 |   3.4 |  15.5 |  52.7 | 820.1
       Dungeon |  93.7 |  93.6 |   3.5 |  15.6 |  53.5 | 921.0
        Temple |   2.0 |   2.0 |   6.3 |   0.0 |  87.0 | 193.0
       Ossuary |   4.3 |   4.5 |   0.0 |  19.9 |  22.8 | 438.0
               +-------+-------+-------+-------+-------+----------------------

Table legend:
 A = Kills in this place as a percentage of kills in entire the game.
 B = Kills by you in this place as a percentage of kills by you in the entire game.
 C = Kills by friends in this place as a percentage of kills by friends in the entire game.
 D = Other kills in this place as a percentage of other kills in the entire game.
 E = Experience gained in this place as a percentage of experience gained in the entire game.
 F = Experience gained in this place divided by the number of levels of this place that you have seen.
                   A       B       C       D       E      F
               +-------+-------+-------+-------+-------+----------------------
         Total | 100.0 | 100.0 |   N/A |   N/A | 100.0 | 1006.2
       Dungeon |  88.1 |  88.1 |   N/A |   N/A |  96.6 | 1165.9
       Ossuary |  11.9 |  11.9 |   N/A |   N/A |   3.4 | 416.0
               +-------+-------+-------+-------+-------+----------------------
